 Dungeon Crawl Stone Soup version 0.23.2-30-g0e89c35649 (webtiles) character file.

Game seed: 16023283088779586387

678 Grothbar the Ruffian (level 7, -10/57 HPs)
             Began as a Ghoul Gladiator on June 15, 2019.
             Was a Believer of Trog.
             Mangled by an ogre
             ... wielding a +0 giant spiked club
              (12 damage)
             ... on level 4 of the Dungeon.
             The game lasted 00:26:36 (3390 turns).

Grothbar the Ruffian (Ghoul Gladiator)              Turns: 3390, Time: 00:26:45

Health: -10/57     AC: 13    Str: 20      XL:     7   Next: 60%
Magic:  6/6        EV:  7    Int:  6      God:    Trog [**....]
Gold:   153        SH:  0    Dex:  9 (10) Spells: 6/6 levels left

rFire    . . .     SeeInvis .     - Unarmed
rCold    + . .     Gourm    +   (no shield)
rNeg     + + +     Faith    .   t - +0 plate armour
rPois    ∞         Spirit   .   b - +0 helmet
rElec    .         Reflect  .   (no cloak)
rCorr    .         Harm     .   (no gloves)
MR       .....                  p - +0 pair of boots
Stlth    ..........             s - amulet of the gourmand
HPRegen  0.00/turn              e - +3 ring of intelligence
MPRegen  0.10/turn              (no ring)

@: rotting, slowed, very slow
A: rotting body, claws 1, carnivore, cold resistance 1, negative energy
resistance 3, inhibited regeneration, torment resistance, unbreathing
a: Trog's Hand, Renounce Religion


You were on level 4 of the Dungeon.
You worshipped Trog.
Trog was pleased with you.
You were not hungry.

You visited 1 branch of the dungeon, and saw 4 of its levels.

You collected 153 gold pieces.

Inventory:

Hand Weapons
 n - a +2 dagger of venom
Missiles
 c - 4 throwing nets (quivered)
Armour
 a - a +0 leather armour
 b - a +0 helmet (worn)
 k - a +0 ring mail
 p - a +0 pair of boots (worn)
 t - a +0 plate armour (worn)
Jewellery
 e - a +3 ring of intelligence (left claw)
 s - an amulet of the gourmand (around neck)
 v - a cursed ring of attention {unknown}
Scrolls
 f - a scroll of fog {unknown}
 h - 3 scrolls of amnesia
 l - 3 scrolls of remove curse {unknown}
 m - 2 scrolls of immolation {unknown}
 q - 3 scrolls of teleportation {unknown}
 x - 2 scrolls of magic mapping {unknown}
Potions
 g - a potion of degeneration {unknown}
 i - a potion of flight {unknown}
 j - a potion of agility {unknown}
 o - 2 potions of mutation {unknown}
 r - 2 potions of ambrosia {unknown}
 u - a potion of curing
 z - 2 potions of lignification {unknown}
Comestibles
 d - 3 rations
 w - a chunk of flesh


   Skills:
 + Level 3.5 Fighting
 + Level 2.0 Throwing
 + Level 2.9 Armour
 + Level 3.9 Dodging
 + Level 0.8 Stealth
 + Level 7.1 Unarmed Combat


You had 6 spell levels left.
You didn't know any spells.
Your spell library was empty.

Dungeon Overview and Level Annotations

Branches:
Dungeon (4/15)
 Temple: D:4-7

Altars:
Gozag
Makhleb
Ru
Trog
Xom
Zin
Beogh

Annotations:
D:4 Eustachio


Innate Abilities, Weirdness & Mutations

Your body is rotting away.
You thrive on raw meat.
You are immune to poison.
You have sharp fingernails.
You are carnivorous and can eat meat at any time.
Your flesh is cold resistant. (rC+)
You are immune to negative energy. (rN+++)
You do not regenerate when monsters are visible.
You are immune to unholy pain and torment.
You can survive without breathing.


Message History

Something tries to affect you, but you resist.
The river rat bites you but does no damage.
The orc wizard hits you but does no damage.
The orc closely misses you.
The ogre hits you with a +0 giant spiked club!
* * * LOW HITPOINT WARNING * * *
You claw something! Something hits you but does no damage.
The river rat bites you but does no damage.
An orc comes into view. It is wielding a +0 club.
The orc wizard barely misses you.
Eustachio mumbles some strange words.
Eustachio blinks!
Something hits you but does no damage.
The orc shouts!
You claw something! Trog accepts your kill.
Trog appreciates your killing of a magic user.
Reactivating autopickup.
You feel a bit more experienced.
The ogre hits you with a +0 giant spiked club!
You die...

.## ## .#.. ## ..###<..
...#.. .. ...#....
#..... .## ......##
#.... ...##
.......###...# .....
.....)..#....# ###......
........#....###.#o.....
........#...)...ro......
..#.##..#..§#.rr@Oo.o...
...........###r)oo..##..
..§..##.#@##...§..#..#
..##.#..5.##.....#....o.
....)............##.....
.................# .....
....$........@.... .. .
..##....<......### ...
####............


You could see Eustachio, an ogre, an orc wizard, 3 river rats, 6 orcs and a rat.

Vanquished Creatures
  Grinder (D:3)
  A scorpion (D:4)
  A crimson imp (D:3)
  2 orc priests (D:3)
  A bullfrog skeleton (D:4)
  2 orc wizards
  Natasha (twice) (D:3)
  Terence (D:2)
  Robin (D:3)
  8 adders
  An ooze (D:3)
  5 worms
  A dart slug (D:2)
  A leopard gecko (D:2)
  7 orcs
  2 ball pythons (D:2)
  5 giant cockroaches
  16 goblins
  7 hobgoblins
  6 kobolds
  3 quokkas (D:2)
  6 bats
  A frilled lizard (D:3)
  8 rats
89 creatures vanquished.

Notes
Turn   | Place    | Note
-------+----------+-------------------------------------------
     0 | D:1      | Grothbar the Ghoul Gladiator began the quest for the Orb.
     0 | D:1      | Reached XP level 1. HP: 17/17 MP: 0/0
   635 | D:2      | Reached XP level 2. HP: 24/24 MP: 1/1
   740 | D:2      | Reached XP level 3. HP: 13/30 MP: 2/2
  1029 | D:2      | Found a bloodstained altar of Trog.
  1060 | D:2      | Became a worshipper of Trog the Wrathful
  1137 | D:2      | Reached skill level 4 in Unarmed Combat
  1167 | D:2      | Reached XP level 4. HP: 16/37 MP: 3/3
  1497 | D:2      | Reached skill level 1 in Armour
  1811 | D:2      | Noticed Terence
  1828 | D:2      | Killed Terence
  1828 | D:2      | Reached XP level 5. HP: 28/44 MP: 4/4
  1979 | D:2      | Found a glowing silver altar of Zin.
  1981 | D:2      | Found a sacrificial altar of Ru.
  2015 | D:2      | Reached * piety under Trog
  2473 | D:3      | Reached skill level 5 in Unarmed Combat
  2510 | D:3      | Found an opulent altar of Gozag.
  2518 | D:3      | Noticed Robin
  2542 | D:3      | Killed Robin
  2816 | D:3      | Found a burning altar of Makhleb.
  2816 | D:3      | Noticed Grinder
  2829 | D:3      | Reached XP level 6. HP: 36/51 MP: 5/5
  2830 | D:3      | Paralysed by Grinder for 4 turns
  2840 | D:3      | Killed Grinder
  2840 | D:3      | Reached skill level 6 in Unarmed Combat
  2840 | D:3      | Reached XP level 7. HP: 35/57 MP: 6/6
  2843 | D:3      | Found a shimmering altar of Xom.
  2856 | D:3      | Noticed Natasha
  2872 | D:3      | Killed Natasha
  3033 | D:4      | Noticed Eustachio
  3113 | D:3      | Found a roughly hewn altar of Beogh.
  3138 | D:3      | Reached ** piety under Trog
  3275 | D:3      | Noticed Natasha
  3283 | D:3      | Killed Natasha
  3328 | D:4      | Reached skill level 7 in Unarmed Combat
  3388 | D:4      | HP: 2/57 [ogre/+0 giant spiked club (17)]
  3390 | D:4      | Mangled by an ogre

Skill      XL: |  1  2  3  4  5  6  7 |
---------------+----------------------+-----
Throwing       | 2 |  2.0
Dodging        | 3 |  3.9
Unarmed Combat | 4 5 6 7 |  7.1
Armour         | 1 2 |  2.9
Fighting       | 3 |  3.5
Stealth        | |  0.8

Action                   |  1- 3 |  4- 6 |  7- 9 || total
-------------------------+-------+-------+-------++-------
Melee: Unarmed           |   108 |   179 |   100 ||   387
       Punch             |     1 |     4 |     1 ||     6
  Use: Scroll            |       |     1 |       ||     1
  Eat: Chunk             |     5 |     8 |     4 ||    17
Armor: Leather armour    |    41 |       |       ||    41
       Ring mail         |     2 |    40 |       ||    42
       Plate armour      |       |    25 |   136 ||   161
Dodge: Dodged            |    70 |    96 |    65 ||   231
